 Dungeon Crawl Stone Soup version 0.28.0-53-g5a82cb258f (webtiles) character file.

Game seed: 7892509597717559728

41 issech the Skirmisher (level 3, -2/34 HPs)
             Began as a Minotaur Monk on June 19, 2022.
             Splashed by a jelly's acid (7 damage)
             ... on level 4 of the Dungeon.
             The game lasted 00:02:58 (1495 turns).

issech the Skirmisher (Minotaur Monk)               Turns: 1495, Time: 00:03:00

Health: -2/34      AC:  8    Str: 15    XL:     3   Next: 32%
Magic:  2/2        EV:  7    Int:  7    God:
Gold:   130        SH:  0    Dex: 14    Spells: 2/2 levels left

rFire   . . .      SeeInvis .   a - +0 hand axe
rCold   + . .      Faith    .   (no shield)
rNeg    + . .      Spirit   .   q - +0 chain mail
rPois   .          Reflect  .   (helmet restricted)
rElec   .          Harm     .   (no cloak)
rCorr   .          Rampage  .   (no gloves)
Will    .....                   (no boots)
Stlth   ..........              (no amulet)
HPRegen 0.11/turn               d - ring of protection from cold
MPRegen 0.08/turn               e - ring of positive energy

@: no status effects
A: horns 2, retaliatory headbutt
a: no special abilities


You were on level 4 of the Dungeon.
You visited 1 branch of the dungeon, and saw 3 of its levels.

You collected 130 gold pieces.

Inventory:

Hand Weapons
 a - a +0 hand axe (weapon)
Missiles
 f - 28 bolts
 h - 17 sling bullets
 n - 27 stones (quivered)
Armour
 b - a +0 robe
 m - a +0 leather armour
 q - a +0 chain mail (worn)
Magical Staves
 r - a staff of death
Jewellery
 d - a ring of protection from cold (left hand)
 e - a ring of positive energy (right hand)
 v - a ring of ice
Wands
 t - a wand of flame (22)
Scrolls
 k - 5 scrolls of identify {unknown}
 l - a scroll of blinking {unknown}
 o - a scroll of magic mapping {unknown}
 p - 3 scrolls of acquirement {unknown}
 u - a scroll of teleportation {unknown}
Potions
 c - a potion of degeneration {unknown}
 g - a potion of curing {unknown}
 i - a potion of heal wounds {unknown}
 j - a potion of cancellation {unknown}
 s - a potion of resistance {unknown}


   Skills:
 + Level 4.4 Fighting
 + Level 4.2 Axes
 + Level 0.1 Armour
 + Level 3.7 Dodging
 + Level 1.6 Stealth


You had 2 spell levels left.
You didn't know any spells.
Your spell library contained the following spells:

 Spells                   Type           Power      Damage    Failure   Level
 Sublimation of Blood     Necr           0%         N/A       100%        2
 Summon Guardian Golem    Hex/Summ       0%         N/A       100%        3
 Petrify                  Tmut/Erth      0%         N/A       100%        4
 Irradiate                Conj/Tmut      0%         3d13      100%        5
 Orb of Destruction       Conj           0%         9d5       100%        7
 Spellforged Servitor     Conj/Summ      0%         N/A       100%        7


Dungeon Overview and Level Annotations

Branches:
Dungeon (2/15)

Altars:


Innate Abilities, Weirdness & Mutations

You have a pair of horns on your head.
You reflexively headbutt those who attack you in melee.


Message History

You kill the dart slug!
You see here a dart slug corpse.
Found an escape hatch in the ceiling.
Found a scroll labelled TYFOLE RETODOK and a fuming ruby potion.
k - 5 scrolls labelled ZAYPSO IKHLE (gained 3)
Found a book of Alchemy.
Found a dagger.
An orc comes into view. It is wielding a +0 mace.
Found a tubular wooden ring.
The orc shouts!
You hit the orc.
The orc is moderately wounded.
The orc hits you with a +0 mace.
You slash the orc!
You kill the orc!
Things that are here:
a +0 mace; an orc corpse
v - a ring of ice
Found an escape hatch in the floor.
You see here a +0 whip.
A jelly comes into view.
You see here a book of Alchemy.
You pick up a book of Alchemy and begin reading...
You add the spells Sublimation of Blood, Petrify and Irradiate to your library.
Found a dagger, a leather armour and a book of Geomancy.
The jelly hits you but does no damage.
You hit the jelly.
Your hands burn!
The jelly is moderately wounded.
The jelly hits you.
You are splashed with acid!
* * * LOW HITPOINT WARNING * * *
You barely miss the jelly. You headbutt the jelly.
The jelly is severely wounded.
The jelly hits you but does no damage.
You hit the jelly.
Your hands burn!
* * * LOW HITPOINT WARNING * * *
The jelly is almost dead.
The jelly hits you.
* * * LOW HITPOINT WARNING * * *
You are splashed with acid!
You die...

#..#.....# ....##
....#....##.............
.....##.......<...P.....
...†....#...............
...#....#...............
...##...#.........P.....
#.##....................
#...........?.......P..P
#..#............@.......
..##.....).......J.>....
............).#.....##..
#.....##.....###.......
......##......###.#.....
...#..#.......#.#.#.....
...#............... )..#
.. ##....#........#..[:#
.. #....#.......##..


You could see a jelly.

Vanquished Creatures
  A howler monkey skeleton (D:4)
  An adder skeleton (D:4)
  A worm (D:4)
  2 dart slugs
  An orc (D:4)
  2 ball pythons (D:1)
  2 endoplasms
  3 giant cockroaches (D:1)
  A goblin (D:1)
  A hobgoblin (D:1)
  A kobold (D:1)
  2 quokkas (D:1)
  A bat (D:1)
  A frilled lizard (D:1)
20 creatures vanquished.

Notes
Turn   | Place    | Note
-------+----------+-------------------------------------------
     0 | D:1      | issech the Minotaur Monk began the quest for the Orb.
     0 | D:1      | Reached XP level 1. HP: 19/19 MP: 0/0
     3 | D:1      | Noticed an electric eel
     6 | D:1      | Noticed an electric eel
   251 | D:1      | Reached XP level 2. HP: 21/27 MP: 1/1
  1207 | D:2      | You fall into a shaft and drop 2 floors!
  1283 | D:4      | Reached XP level 3. HP: 21/33 MP: 2/2
  1495 | D:4      | Splashed by a jelly's acid

Illustrated notes

Levels and vault maps discovered:
D:1:      arrival_aquarium_b, layout_basic
D:2:      layout_basic, shapermc_ecumenical_altar_mp_ritualfount
D:4:      layout_cave_pools, minmay_misc_feat_chi, minmay_misc_feat_plants

Skill      XL: |  1  2 |
---------------+-------+-----
Fighting       | 4 |  4.4
Axes           | 4 |  4.2
Armour         | |  0.1
Dodging        | |  3.7
Stealth        | |  1.6

Action                   || total
-------------------------++-------
Melee: Hand axe          ||    48
       Punch             ||     2
       Headbutt          ||     6
Armor: Robe              ||     8
       Leather armour    ||     6
       Chain mail        ||     5
Dodge: Dodged            ||    21
